 Dungeon Crawl Stone Soup version 0.31-a0-1002-g8e65716e6e (webtiles) character file.

Game seed: 1025041590761253857

137 CrazyBamboolord the Changeling (level 5, -3/33 HPs)
             Began as an Octopode Shapeshifter on Nov 9, 2023.
             Slain by Pargi the ice beast (10 damage)
             ... in a sewer.
             The game lasted 00:04:09 (2035 turns).

CrazyBamboolord the Changeling (OpSh)               Turns: 2035, Time: 00:04:10

Health: -3/33      AC:  1    Str: 15    XL:     5   Next: 20%
Magic:  5/5        EV: 13    Int: 12    God:
Gold:   119        SH:  0    Dex: 12    Spells: 4/4 levels left

rFire   . . .        a - +0 dagger
rCold   . . .        (no shield)
rNeg    . . .        (helmet currently unavailable)
rPois   +            (no amulet)
rElec   .            i - ring of resist corrosion
rCorr   +            (no ring)
SInv    .            (no ring)
Will    .....        (no ring)
Stlth   +++          (no ring)
HPRegen 0.25/turn    (no ring)
MPRegen 0.09/turn    (no ring)
                     (no ring)

%: no passive effects
@: beast-form
A: beast (slay +2), almost no armour, amphibious, 8 rings, camouflage 1,
gelatinous body 1, (nimble swimmer 1), tentacles, poison resistance, no potion
heal 1
a: Begin Untransformation


You were in a sewer.
You were a hulking beast.
You visited 1 branch of the dungeon, and saw 3 of its levels.
You also visited: Sewer.

You collected 119 gold pieces.

Inventory:

Hand Weapons
 a - a +0 dagger (weapon)
Jewellery
 i - a ring of resist corrosion (left tentacle)
Talismans
 b - a beast talisman
 c - a flux talisman
Wands
 j - a wand of polymorph (1)
Scrolls
 d - a scroll of amnesia
 g - a scroll of enchant armour {unknown}
Potions
 e - a potion of lignification
 f - a potion of magic


   Skills:
 - Level 1.0 Fighting
 - Level 2.0 Dodging
 + Level 3.7 Stealth
 - Level 3.0 Unarmed Combat
 * Level 4.7 Shapeshifting


You had 4 spell levels left.
You didn't know any spells.
Your spell library was empty.

Dungeon Overview and Level Annotations

Branches:
Dungeon (3/15)              Sewer (1/1)

Altars:
Qazlal

Annotations:
Sewer Pargi


Innate Abilities, Weirdness & Mutations

You are a hulking beast.
Your limbs bulge with bestial killing power. (Slay +2)
You cannot wear most types of armour.
You are amphibious.
You can wear up to eight rings at the same time.
Your skin changes colour to match your surroundings (Stealth+).
Your rubbery body absorbs attacks. (AC +1, EV +1)
((You are camouflaged when in or above water. (Stealth+)))
You have tentacles for arms and can constrict up to eight enemies at once.
Your system is resistant to poisons. (rPois)
Potions are less effective at restoring your health.


Message History

You closely miss Pargi.
Pargi is moderately wounded.
Your transformation is almost over.
Pargi hits you. Pargi freezes you!
* * * LOW HITPOINT WARNING * * *
Unknown command.
You hit Pargi.
Pargi is heavily wounded.
Pargi hits you but does no damage.
You hit Pargi but do no damage.
Pargi is heavily wounded.
Pargi hits you but does no damage.
You barely miss Pargi.
Pargi is heavily wounded.
Pargi hits you but does no damage.
You barely miss Pargi.
Pargi is heavily wounded.
Pargi hits you but does no damage.
You barely miss Pargi.
Pargi is heavily wounded.
Pargi hits you but does no damage.
You closely miss Pargi.
Pargi is heavily wounded.
Pargi barely misses you.
You hit Pargi.
Pargi is heavily wounded.
Pargi hits you but does no damage.
You hit Pargi.
Pargi is severely wounded.
Pargi hits you but does no damage.
You hit Pargi.
Pargi is severely wounded.
Pargi hits you but does no damage.
You hit Pargi but do no damage.
Pargi is severely wounded.
You feel less wooden.
You turn into a hulking beast.
Pargi hits you.
* * * LOW HITPOINT WARNING * * *
Pargi freezes you!
You die...

#.##.##.##.##.##[#
#.##.##.##.##.##.#
#'##'##'##'##'##'#
#######.................
~~~~~~#~~~~~~~~~.~~~~~~~
≈≈≈≈≈≈#≈≈≈≈≈≈≈≈≈∩≈≈≈≈≈≈≈
~~~~~~#~~~~~~~~~.~~~~~~~
#######.................
#h##'##'##.##'##'#
#Y##.##.##.##)##.#
#.##.##.##∩##.##.#
##################


You could see Pargi the ice beast.

Vanquished Creatures
  An orc priest (D:2)
  An orc wizard (D:2)
  2 adders
  2 worms (D:2)
  2 dart slugs (D:1)
  3 orcs
  5 bats
  4 endoplasms
  3 giant cockroaches
  6 goblins
  5 hobgoblins
  3 quokkas (D:2)
  2 ball pythons (D:1)
  5 frilled lizards
  5 kobolds
  3 rats
52 creatures vanquished.

Notes
Turn   | Place    | Note
-------+----------+-------------------------------------------
     0 | D:1      | CrazyBamboolord the Octopode Shapeshifter began the quest
                  | for the Orb.
     0 | D:1      | Reached XP level 1. HP: 13/13 MP: 1/1
    75 | D:1      | Reached skill level 1 in Stealth
   104 | D:1      | Reached XP level 2. HP: 18/18 MP: 2/2
   523 | D:1      | Reached XP level 3. HP: 23/23 MP: 3/3
  1052 | D:2      | Reached skill level 4 in Shapeshifting
  1052 | D:2      | Reached XP level 4. HP: 6/28 MP: 4/4
  1441 | D:2      | Found a stormy altar of Qazlal.
  1766 | D:2      | Reached XP level 5. HP: 33/33 MP: 5/5
  1880 | D:3      | Found a glowing drain.
  1885 | Sewer    | Entered a sewer
  1995 | Sewer    | Noticed Pargi
  2023 | Sewer    | Gained mutation: Your system is resistant to poisons.
                  | (rPois) [potion of mutation]
  2023 | Sewer    | Gained mutation: Potions are less effective at restoring
                  | your health. [potion of mutation]
  2024 | Sewer    | Pargi changed into Pargi the ice beast
  2024 | Sewer    | Noticed Pargi
  2035 | Sewer    | Slain by Pargi the ice beast

Illustrated notes

Levels and vault maps discovered:
D:1:      elethiomel_arrival_infinity_welcomes_careful_drivers, layout_basic
D:2:      layout_basic, basic_altar
D:3:      layout_basic, mainiacjoe_sewer_entry_somewhere_in_here_2,
          serial_shops, nicolae_shop_rolling_square
Sewer:    kennysheep_door_sewer

Skill      XL: |  1  2  3  4 |
---------------+-------------+-----
Stealth        | 1 2 3 |  3.7
Shapeshifting  | 4 |  4.7
Fighting       | |  1.0
Dodging        | |  2.0
Unarmed Combat | |  3.0

Action                     |  1- 3 |  4- 6 || total
---------------------------+-------+-------++-------
  Melee: Unarmed           |    28 |       ||    28
         Tentacles         |     9 |    11 ||    20
         Constrict         |     9 |    11 ||    20
         Dagger            |    17 |    83 ||   100
         Punch             |       |     3 ||     3
  Evoke: Wand              |       |     1 ||     1
    Use: Scroll            |       |     4 ||     4
         Potion            |       |     2 ||     2
   Stab: Sleeping          |     6 |    16 ||    22
 Armour: Skin              |    14 |    96 ||   110
  Dodge: Dodged            |    18 |    31 ||    49

Table legend: (Time is in decaauts)
 A = Elapsed time spent in this place.
 B = Non-inter-level travel time spent in this place.
 C = Inter-level travel time spent in this place.
 D = Time resting spent in this place.
 E = Time spent auto-exploring this place.
 F = Levels seen in this place.
 G = Mean time per level.
                   A        B        C        D        E       F      G
               +--------+--------+--------+--------+--------+-----+--------+
         Total |   2032 |   1925 |    107 |     77 |   1408 |   4 |  508.0 |
       Dungeon |   1883 |   1776 |    107 |     77 |   1406 |   3 |  627.7 |
         Sewer |    149 |    149 |      0 |      0 |      2 |   1 |  149.0 |
               +--------+--------+--------+--------+--------+-----+--------+

Top non-repeatable levels by time:
     D:1: 1023 daAuts
     D:2: 792 daAuts
   Sewer: 149 daAuts
     D:3: 66 daAuts
